 Dungeon Crawl Stone Soup version 0.21.1-1-g345015f (webtiles) character file.

547 tyranidshit the Fighter (level 7, -4/62 HPs)
             Began as a Demonspawn Abyssal Knight on July 24, 2018.
             Was a Priest of Lugonu.
             Killed from afar by Dowan (10 damage)
             ... with a stone arrow
             ... on level 4 of the Dungeon.
             The game lasted 00:09:58 (2914 turns).

tyranidshit the Fighter (Demonspawn Abyssal Knight) Turns: 2914, Time: 00:09:58

Health: -4/62      AC:  7    Str: 14    XL:     7   Next: 7%
Magic:  8/8        EV:  4    Int: 14    God:    Lugonu [***...]
Gold:   167        SH: 14    Dex: 12    Spells: 6/6 levels left

rFire    . . .     SeeInvis .   o - +2 war axe (chop)
rCold    . . .     Gourm    .   b - +0 large shield
rNeg     . . .     Faith    .   i - +0 chain mail
rPois    .         Spirit   .   (no helmet)
rElec    .         Reflect  .   (no cloak)
rCorr    .         Harm     .   l - +2 pair of gloves
MR       .....                  (no boots)
Stlth    ..........             (no amulet)
HPRegen  0.20/turn              j - +3 ring of evasion
MPRegen  0.11/turn              (no ring)

@: no status effects
A: talons 2, large bone plates 1, blurry vision 1, deformed body, nightstalker
1, rot immunity
a: Depart the Abyss, Bend Space, Banish, Renounce Religion


You were on level 4 of the Dungeon.
You worshipped Lugonu.
Lugonu was most pleased with you.
You were not hungry.

You visited 1 branch of the dungeon, and saw 4 of its levels.
You visited the Abyss 1 time.

You collected 167 gold pieces.

Inventory:

Hand Weapons
 a - a +1 hand axe
 o - a +2 war axe of chopping (weapon)
Armour
 b - a +0 large shield (worn)
 h - a +0 buckler
 i - a +0 chain mail (worn)
 l - a +2 pair of gloves (worn)
Jewellery
 j - a +3 ring of evasion (left hand)
Wands
 k - a wand of paralysis (6)
Scrolls
 d - 5 scrolls of identify
 e - a scroll of enchant armour
 f - 4 scrolls of remove curse
 g - 2 scrolls of amnesia
Books
 n - a book of Misfortune

   Spells                             Type                      Level
   a - Confusing Touch                Hexes                        1
   b - Confuse                        Hexes                        3
   c - Gell's Gravitas                Translocation                3
   d - Petrify                        Transmutation/Earth          4
   e - Metabolic Englaciation         Hexes/Ice                    5
   f - Yara's Violent Unravelling     Hexes/Transmutation          5
Comestibles
 c - 9 rations


   Skills:
 + Level 8.1 Fighting
 - Level 1.7 Axes
 - Level 1.7 Armour
 - Level 0.8 Dodging
 - Level 2.4 Invocations


You had 6 spell levels left.
You didn't know any spells.

Dungeon Overview and Level Annotations

Branches:
Dungeon (4/15)
 Temple: D:4-7

Altars:
Ashenzari
Cheibriados
Hepliaklqana
Nemelex Xobeh
Uskayaw
Wu Jian
Xom
Yredelemnul

Shops:
D:4 *

Annotations:
D:4 Dowan


Innate Abilities, Weirdness & Mutations

You have razor-sharp toenails.
You are partially covered in large bone plates. (SH +4)
You are slightly more attuned to the shadows.
You are immune to rotting.
Scrolls take you a little longer to read.
Armour fits poorly on your strangely shaped body.


Message History

Dowan casts a spell at you. You block the puff of frost.
Unknown command.
You slash Duvessa!
You kill Duvessa!
Lugonu accepts your kill.
Dowan seems overcome with grief, but rights himself reflexively soon after.
Dowan seems to find hidden reserves of power!
Your Fighting skill increases to level 8!
You have reached level 7!
Your demonic ancestry asserts itself...
You feel immune to rotting.
Dowan casts a spell.
Dowan blinks!
Dowan says, "How can I live without her?"
You aren't carrying any potions.
You closely miss Dowan. Your kick misses Dowan. Dowan casts a spell at you.
The stone arrow hits you!
You die...

#...# #...#.......##
#..# ###.#.........#
..# .
#.._..†)).....# ..+
#..#.#.#.........#
#.#
##..[.............#
..#
##..###.##.........#
#...
..........#.......##
.#.#
#...........†.....#
$#..
#...)@e.....>.....#
#..........≈≈≈.....#
.
.......%.<≈≈≈≈≈..<.#
.
##########≈≈∩......#
#≈≈≈≈≈...##
##≈≈≈...## #Z######
... ##..


You could see Dowan.

Vanquished Creatures
  Duvessa (D:4)
  A bullfrog skeleton (D:4)
  3 orc priests
  Jessica (D:2)
  Natasha (thrice) (D:3)
  2 worker ants
  A hound skeleton (D:4)
  Robin (D:3)
  An adder (D:2)
  3 worms
  3 dart slugs
  4 leopard geckos
  16 orcs
  6 giant cockroaches
  17 goblins
  12 hobgoblins
  8 jackals
  A quokka (D:2)
  10 bats
  4 frilled lizards
  6 kobolds
  10 rats
114 creatures vanquished.

Notes
Turn   | Place    | Note
-------+----------+-------------------------------------------
     0 | Abyss:1  | tyranidshit the Demonspawn Abyssal Knight began the quest for the Orb.
     0 | Abyss:1  | Reached XP level 1. HP: 18/18 MP: 2/2
    44 | Abyss:1  | Found a corrupted altar of Lugonu.
    61 | Abyss:1  | Found a sparkling altar of Nemelex Xobeh.
    63 | Abyss:1  | Noticed a cyclops
   140 | Abyss:1  | Noticed a large abomination
   157 | Abyss:1  | Noticed a chaos spawn
   157 | Abyss:1  | Noticed a small abomination
   162 | Abyss:1  | Noticed a quasit
   171 | D:1      | Escaped the Abyss
   211 | D:1      | Reached * piety under Lugonu
   302 | D:1      | Gained mutation: You are slightly more attuned to the shadows. [demonic ancestry]
   302 | D:1      | Reached XP level 2. HP: 19/24 MP: 3/3
   763 | D:1      | Reached skill level 4 in Fighting
   897 | D:1      | Found a shimmering altar of Xom.
   980 | D:1      | Reached XP level 3. HP: 25/30 MP: 4/4
  1344 | D:2      | Noticed Jessica
  1354 | D:2      | Killed Jessica
  1354 | D:2      | Gained mutation: You have sharp toenails. [demonic ancestry]
  1354 | D:2      | Reached XP level 4. HP: 26/38 MP: 5/5
  1356 | D:2      | Reached skill level 5 in Fighting
  1385 | D:2      | Reached ** piety under Lugonu
  2011 | D:3      | Found a shattered altar of Ashenzari.
  2172 | D:3      | Reached XP level 5. HP: 33/46 MP: 6/6
  2223 | D:3      | Found a basalt altar of Yredelemnul.
  2230 | D:3      | Found a sparkling altar of Nemelex Xobeh.
  2251 | D:3      | Noticed Natasha
  2258 | D:3      | Killed Natasha
  2258 | D:3      | Reached skill level 6 in Fighting
  2272 | D:3      | Noticed Natasha
  2281 | D:3      | Reached *** piety under Lugonu
  2292 | D:3      | Killed Natasha
  2298 | D:3      | Noticed Robin
  2305 | D:3      | Killed Robin
  2318 | D:3      | Gained mutation: You are partially covered in large bone plates. (SH +4) [demonic ancestry]
  2318 | D:3      | Reached XP level 6. HP: 10/53 MP: 7/7
  2336 | D:3      | Found a hide-covered altar of Uskayaw.
  2349 | D:3      | Gained mutation: Scrolls take you a little longer to read. [potion of mutation]
  2349 | D:3      | Gained mutation: Armour fits poorly on your strangely shaped body. [potion of mutation]
  2349 | D:3      | Gained mutation: You have razor-sharp toenails. [potion of mutation]
  2419 | D:3      | Found a hazy altar of Hepliaklqana.
  2422 | D:3      | Found a snail-covered altar of Cheibriados.
  2529 | D:3      | Noticed Natasha
  2536 | D:3      | Killed Natasha
  2536 | D:3      | Reached skill level 7 in Fighting
  2858 | D:4      | Found an ornate altar of the Wu Jian Council.
  2858 | D:4      | Found Ograst's General Store.
  2905 | D:4      | Noticed Dowan
  2906 | D:4      | Noticed Duvessa
  2913 | D:4      | Killed Duvessa
  2913 | D:4      | Reached skill level 8 in Fighting
  2913 | D:4      | Gained mutation: You are immune to rotting. [demonic ancestry]
  2913 | D:4      | Reached XP level 7. HP: 5/62 MP: 8/8
  2914 | D:4      | Killed from afar by Dowan

Skill      XL: |  1  2  3  4  5  6 |
---------------+-------------------+-----
Fighting       | 4 5 6 8 |  8.1
Axes           | |  1.7
Armour         | |  1.7
Dodging        | |  0.8
Invocations    | |  2.4

Action                   |  1- 3 |  4- 6 |  7- 9 || total
-------------------------+-------+-------+-------++-------
Melee: Hand axe          |   123 |    37 |       ||   160
       War axe           |       |   147 |     1 ||   148
       Kick              |       |    48 |       ||    48
Invok: Depart the Abyss  |     1 |       |       ||     1
  Use: Scroll            |     4 |     3 |       ||     7
       Potion            |     2 |    11 |       ||    13
  Eat: Ration            |     1 |     1 |       ||     2
Armor: Leather armour    |    27 |       |       ||    27
       Chain mail        |    37 |   144 |       ||   181
Dodge: Dodged            |    66 |    53 |       ||   119
Block: Buckler           |    15 |    12 |       ||    27
       Large shield      |       |   102 |       ||   102
